[Event "34th MPL National U14G-ch 2022"]
[Site "Ahmedabad"]
[Date "2022.05.11"]
[Round "5.2"]
[White "Mrittika Mallick"]
[Black "Chaarvi Choudhury"]
[Result "1/2-1/2"]
[ECO "B06"]
[WhiteElo "1982"]
[BlackElo "1456"]
[Annotator "TA"]
[PlyCount "72"]
[EventDate "2022.05.09"]
[EventType "swiss"]
[EventCountry "IND"]
[SourceTitle "playchess.com"]
[Source "ChessBase"]
[SourceQuality "1"]
[TimeControl "5400+30"]

1. e4 c5 2. Nf3 g6 3. c3 d5 4. exd5 Qxd5 5. d4 Bg7 6. Be3 (6. Na3 $14 {was preferrable.}) 6... Nf6 $11 {[%emt 0:02:28] B06: Modern Defence.} 7. dxc5 (7. Nbd2 {with more complications.} cxd4 8. Bc4 Qd6 9. Nxd4 O-O 10. Nb5) 7... Qxd1+ $1 8. Kxd1 Ng4 {[%emt 0:00:15] White is slightly better.} 9. Nbd2 Nxe3+ 10. fxe3 O-O {[%emt 0:02:35] [#]} (10... Nd7 $1 $11 {is more appropriate.}) 11. Bb5 $146 (11. Kc2 $14 {is superior.}) ({Predecessor:} 11. Bc4 a5 12. Nd4 Na6 13. Ne4 e5 14. Nb5 Bh6 15. Ke2 Kg7 16. h3 f5 17. Ned6 {1-0 (37) Panesso Rivera,H (2383)-Avila Pavas,S (2261) Medellin 2018}) 11... Bd7 12. Bd3 ({Better is} 12. Bxd7 Nxd7 13. Nb3) 12... Ba4+ {[%emt 0:05:14][%mdl 1024] Black has compensation. This bishop pair is nice.} 13. Bc2 Bc6 14. Ke2 Nd7 15. Nb3 Ba4 16. Be4 Bxb3 {[%emt 0:03:56][%mdl 64] [#] Remove Defender} 17. axb3 Nxc5 18. Bc2 a6 19. b4 Nd7 20. Be4 Rab8 21. Ra5 Rfc8 {[%emt 0:07:06] The position is equal.} 22. Rha1 Rc7 23. Bc2 Nb6 24. Bb3 Nd7 25. Rd1 e6 26. Ng5 {[%emt 0:07:38][%cal Og5e6,Bf3g5,Bg5e4,Be4c5][%mdl 32] And now Nxe6! would win.} Ne5 27. Ne4 Nc6 28. Raa1 h6 29. Rd2 Kf8 30. Nc5 {[%emt 0:02:29] Strongly threatening Nd7+.} Ke7 {[%emt 0:00:16] Prevents Nd7.} 31. Rad1 Rd8 {[%emt 0:00:28] Prevents Rd7+.} 32. Rxd8 Nxd8 33. Nd3 Nc6 34. Ba4 Ne5 35. Nxe5 Bxe5 36. Kf3 Bg7 {[%emt 0:02:07] Weighted Error Value: White=0.08 (flawless) /Black=0.06 (flawless)} ({Don't do} 36... Bxh2 37. g3 $16) 1/2-1/2

[Event "34th MPL National U14G-ch 2022"]
[Site "Ahmedabad"]
[Date "2022.05.11"]
[Round "5.3"]
[White "Roy Aanya"]
[Black "Pragnya H G"]
[Result "1-0"]
[ECO "B92"]
[WhiteElo "1560"]
[BlackElo "1605"]
[Annotator "NA RC COMBH"]
[PlyCount "119"]
[EventDate "2022.05.09"]
[EventType "swiss"]
[EventCountry "IND"]
[SourceTitle "playchess.com"]
[Source "ChessBase"]
[SourceQuality "1"]
[TimeControl "5400+30"]

1. e4 c5 2. Nf3 d6 3. d4 cxd4 4. Nxd4 Nf6 5. Nc3 a6 6. Be2 e5 7. Nb3 Be7 8. O-O O-O 9. Kh1 Nbd7 10. f4 b5 11. a4 b4 12. Nd5 a5 13. Bf3 Bb7 14. c4 Nb6 15. Qe2 Nfxd5 16. exd5 Bf6 17. Be3 exf4 18. Bxf4 Re8 19. Qc2 Rc8 20. Nxa5 Bxd5 21. Bxd5 Nxd5 22. Nb7 Qc7 23. Nxd6 Nxf4 24. Nxe8 Rxe8 25. a5 Ne6 26. a6 Ra8 27. Qe4 Ra7 28. Ra4 Qb6 29. Qe1 Be7 30. Qd2 Rxa6 31. Qd7 Qc6 32. Qxe7 h6 33. Rxa6 Qxa6 34. Qxf7+ Kh8 35. Qe8+ Kh7 36. Qb5 Qd6 37. Qd5 Qb6 38. h3 Qe3 39. Qf3 Qb6 40. Re1 g6 41. Qf7+ Ng7 42. b3 Qd4 43. Qe7 Qc3 44. Qe3 Qc2 45. Rc1 Qb2 46. Rd1 Nf5 47. Rd7+ Ng7 48. Qd4 Qxd4 49. Rxd4 Ne6 50. Rd7+ Kg8 51. Rb7 Nc5 52. Rxb4 Kf7 53. Rb6 h5 54. g3 g5 55. Kg2 Ke7 56. Kf3 Kd7 57. Rb5 Kc6 58. Rxc5+ Kxc5 59. Ke4 h4 60. g4 1-0

[Event "34th MPL National U14G-ch 2022"]
[Site "Ahmedabad"]
[Date "2022.05.11"]
[Round "5.4"]
[White "Shreya G Hipparagi"]
[Black "Dakshita Kumawat"]
[Result "1-0"]
[ECO "C01"]
[WhiteElo "1548"]
[BlackElo "1575"]
[Annotator "NA RC COMBH"]
[PlyCount "63"]
[EventDate "2022.05.09"]
[EventType "swiss"]
[EventCountry "IND"]
[SourceTitle "playchess.com"]
[Source "ChessBase"]
[SourceQuality "1"]
[TimeControl "5400+30"]

1. e4 e6 2. d4 d5 3. exd5 exd5 4. Nf3 Bd6 5. Bd3 Ne7 6. Nc3 Bg4 7. Bg5 f6 8. Bh4 Nbc6 9. Nb5 Bf4 10. c3 a6 11. Na3 Qd6 12. Nc2 O-O-O 13. Bg3 Rde8 14. O-O g5 15. Re1 h5 16. Ne3 Be6 17. c4 h4 18. Bxf4 gxf4 19. cxd5 Nxd5 20. Nf5 Bxf5 21. Bxf5+ Kb8 22. Rxe8+ Rxe8 23. Nxh4 Qb4 24. Bd7 Re4 25. Bxc6 Rxd4 26. Qe1 bxc6 27. Nf3 Qxe1+ 28. Rxe1 Rb4 29. Re8+ Kb7 30. h4 Rxb2 31. h5 f5 32. Rf8 1-0

[Event "34th MPL National U14G-ch 2022"]
[Site "Ahmedabad"]
[Date "2022.05.11"]
[Round "5.5"]
[White "Rout Yashita"]
[Black "Sneha Halder"]
[Result "1/2-1/2"]
[ECO "C06"]
[WhiteElo "1718"]
[BlackElo "1557"]
[Annotator "NA RC COMBH"]
[PlyCount "100"]
[EventDate "2022.05.09"]
[EventType "swiss"]
[EventCountry "IND"]
[SourceTitle "playchess.com"]
[Source "ChessBase"]
[SourceQuality "1"]
[TimeControl "5400+30"]

1. e4 e6 2. d4 d5 3. Nd2 Nf6 4. e5 Nfd7 5. Bd3 c5 6. c3 Nc6 7. Ne2 Qb6 8. Nf3 cxd4 9. cxd4 Bb4+ 10. Bd2 Bxd2+ 11. Qxd2 Qb4 12. a3 Qxd2+ 13. Nxd2 f6 14. f4 fxe5 15. fxe5 O-O 16. Rc1 Nb6 17. Nf3 Bd7 18. O-O Na5 19. Nd2 Rxf1+ 20. Kxf1 Rc8 21. Rxc8+ Bxc8 22. b3 Nc6 23. Kf2 g6 24. Ke3 Kf7 25. Nf4 Ne7 26. Nf3 h6 27. g4 Nd7 28. Kd2 Nf8 29. Kc3 Bd7 30. h4 Kg7 31. Kb4 b6 32. Kc3 Be8 33. Kd2 Nc6 34. Kc3 Ne7 35. Kd2 Nc6 36. Ne2 a5 37. Ke3 Na7 38. Nc3 Bd7 39. Nd2 Kf7 40. Nf1 Bc6 41. Ng3 Be8 42. Nge2 g5 43. hxg5 hxg5 44. Ng1 Kg7 45. Nf3 Kh6 46. Nd1 Bg6 47. Nf2 Bxd3 48. Kxd3 Ng6 49. Nh3 Nb5 50. a4 Na7 1/2-1/2

[Event "34th MPL National U14G-ch 2022"]
[Site "Ahmedabad"]
[Date "2022.05.11"]
[Round "5.6"]
[White "Sherali Pattnaik"]
[Black "Sachi Jain"]
[Result "0-1"]
[ECO "C41"]
[WhiteElo "1398"]
[BlackElo "1768"]
[Annotator "NA RC COMBH"]
[PlyCount "102"]
[EventDate "2022.05.09"]
[EventType "swiss"]
[EventCountry "IND"]
[SourceTitle "playchess.com"]
[Source "ChessBase"]
[SourceQuality "1"]
[TimeControl "5400+30"]

1. e4 e5 2. Nf3 d6 3. Bc4 Nd7 4. d4 c6 5. O-O Be7 6. dxe5 dxe5 7. Ng5 Bxg5 8. Qh5 Qe7 9. Qxg5 Ngf6 10. b3 h6 11. Qe3 b5 12. Ba3 b4 13. Bb2 Nb6 14. Be2 O-O 15. Nd2 Re8 16. a3 c5 17. axb4 cxb4 18. Ra5 Qc7 19. Qc5 Qxc5 20. Rxc5 Nbd7 21. Ra5 Bb7 22. f3 Nb8 23. Rfa1 Nc6 24. Rb5 Re7 25. Nc4 a6 26. Rb6 Ne8 27. Na5 Nxa5 28. Rxa5 f6 29. Rxb4 Bc8 30. Rb6 Kh7 31. b4 Rea7 32. Kf2 Nc7 33. Bc4 Rb7 34. Rxb7 Bxb7 35. Bd3 Rd8 36. Ke3 Rd6 37. c4 g5 38. Ba3 Rd8 39. b5 Ra8 40. b6 Ne6 41. g3 Nd4 42. Bd6 Kg6 43. Rd5 a5 44. Ba3 Bxd5 45. exd5+ Kf7 46. Bd6 a4 47. b7 Rd8 48. c5 a3 49. Bc4 Nf5+ 50. Kd3 Nxd6 51. cxd6 Rb8 0-1

[Event "34th MPL National U14G-ch 2022"]
[Site "Ahmedabad"]
[Date "2022.05.11"]
[Round "5.7"]
[White "Rajanya Datta"]
[Black "Aditi Raj"]
[Result "1-0"]
[ECO "C44"]
[WhiteElo "1589"]
[BlackElo "1261"]
[Annotator "NA RC COMBH"]
[PlyCount "109"]
[EventDate "2022.05.09"]
[EventType "swiss"]
[EventCountry "IND"]
[SourceTitle "playchess.com"]
[Source "ChessBase"]
[SourceQuality "1"]
[TimeControl "5400+30"]

1. e4 e5 2. Nf3 Nc6 3. c3 Nf6 4. d4 exd4 5. e5 Nd5 6. cxd4 d6 7. Bb5 Bd7 8. O-O Be7 9. Nc3 Nb6 10. Bxc6 bxc6 11. Re1 O-O 12. Bf4 d5 13. Rc1 Nc4 14. b3 Nb6 15. Nb1 a5 16. a3 Nc8 17. Qd2 Na7 18. Bg5 Bg4 19. Bxe7 Qxe7 20. Re3 Bd7 21. Rc5 Bf5 22. Qc1 Bxb1 23. Qxb1 Nb5 24. Qc1 Ra6 25. a4 Na7 26. Qc3 Rb8 27. Rxa5 Rxb3 28. Qxb3 Rxa5 29. Qb8+ Qf8 30. Qxc7 Rxa4 31. h3 h6 32. Rb3 Kh7 33. Rb7 Nb5 34. Qxc6 Ra1+ 35. Kh2 Na7 36. Qd7 Rf1 37. Rxa7 Rxf2 38. Qxf7 Qxf7 39. Rxf7 Re2 40. Rd7 Kg8 41. Rxd5 g5 42. Rd6 Kg7 43. d5 h5 44. Kg3 g4 45. hxg4 hxg4 46. Kxg4 Rxg2+ 47. Kf4 Kf7 48. e6+ Ke8 49. Rd7 Re2 50. Nd4 Ra2 51. Nc6 Kf8 52. Rd8+ Kg7 53. e7 Re2 54. Ne5 Kf6 55. e8=Q 1-0

[Event "34th MPL National U14G-ch 2022"]
[Site "Ahmedabad"]
[Date "2022.05.11"]
[Round "5.8"]
[White "Yashvi Jain"]
[Black "Charvi Patidar"]
[Result "0-1"]
[ECO "E60"]
[WhiteElo "1362"]
[BlackElo "1501"]
[Annotator "NA RC COMBH"]
[PlyCount "104"]
[EventDate "2022.05.09"]
[EventType "swiss"]
[EventCountry "IND"]
[SourceTitle "playchess.com"]
[Source "ChessBase"]
[SourceQuality "1"]
[TimeControl "5400+30"]

1. d4 Nf6 2. c4 g6 3. h4 Bg7 4. Nc3 d6 5. e4 h5 6. Nf3 O-O 7. Be2 Nbd7 8. Bg5 c6 9. O-O Nh7 10. Qd2 Nxg5 11. Nxg5 e5 12. dxe5 dxe5 13. Rad1 Qe7 14. Qd6 Bf6 15. Qxe7 Bxe7 16. Rd2 Nc5 17. Rfd1 Bxg5 18. hxg5 Ne6 19. b4 Nxg5 20. b5 Ne6 21. Rd6 Nd4 22. Bf1 cxb5 23. cxb5 g5 24. Nd5 Kg7 25. f4 gxf4 26. Nxf4 Bg4 27. Rd2 Rfd8 28. Rxd8 Rxd8 29. Nd5 Bd7 30. a4 Rc8 31. Ne3 Be6 32. Bd3 Rc3 33. Nf5+ Bxf5 34. exf5 Ra3 35. Be2 Nxe2+ 36. Rxe2 Kf6 37. Re4 Kxf5 38. Rh4 Kg5 39. Re4 f6 40. Kh2 Rd3 41. Re2 Rd4 42. Ra2 e4 43. Kg3 f5 44. Kh2 f4 45. Kh1 Kg4 46. a5 Rb4 47. a6 Rxb5 48. axb7 Rxb7 49. Kh2 e3 50. Re2 Rd7 51. Kh1 Kg3 52. Re1 Kf2 0-1

[Event "34th MPL National U14G-ch 2022"]
[Site "Ahmedabad"]
[Date "2022.05.11"]
[Round "6.1"]
[White "Shreya G Hipparagi"]
[Black "Shubhi Gupta"]
[Result "1-0"]
[ECO "C54"]
[WhiteElo "1548"]
[BlackElo "1613"]
[Annotator "NA RC COMBH"]
[PlyCount "97"]
[EventDate "2022.05.09"]
[EventType "swiss"]
[EventCountry "IND"]
[SourceTitle "playchess.com"]
[Source "ChessBase"]
[SourceQuality "1"]
[TimeControl "5400+30"]

1. e4 e5 2. Nf3 Nc6 3. Bc4 Bc5 4. c3 Nf6 5. d3 d6 6. O-O h6 7. Bb3 O-O 8. Re1 Bb6 9. h3 Be6 10. Nbd2 Ne7 11. Nf1 Ng6 12. Ng3 Qd7 13. d4 Qc8 14. Bc2 Re8 15. b3 Bd7 16. a4 a5 17. c4 exd4 18. Nxd4 Nh4 19. Nf3 Ng6 20. Nf5 Nf8 21. Bb2 N8h7 22. Bd4 Bxf5 23. exf5 Rxe1+ 24. Qxe1 Bxd4 25. Nxd4 Qd7 26. Qd2 b6 27. Re1 d5 28. cxd5 Nxd5 29. Nf3 Nhf6 30. Ne5 Qd6 31. Nc4 Qc5 32. Re5 Rd8 33. Qe2 Qc6 34. Be4 Qd7 35. Bf3 Nc3 36. Qe1 Qd4 37. Re7 Nxa4 38. Ne5 Qc3 39. Qe2 Qxb3 40. Nxf7 Qb1+ 41. Kh2 Rf8 42. Qe6 Kh7 43. Bd5 Qb2 44. Ne5 Qb4 45. Ng6 Nxd5 46. Nxf8+ Kh8 47. Ng6+ Kh7 48. Qxd5 Nc3 49. Qe5 1-0

[Event "34th MPL National U14G-ch 2022"]
[Site "Ahmedabad"]
[Date "2022.05.11"]
[Round "6.2"]
[White "Bhat Sannidhi Ramakrishna"]
[Black "Roy Aanya"]
[Result "1/2-1/2"]
[ECO "A43"]
[WhiteElo "1373"]
[BlackElo "1560"]
[Annotator "NA RC COMBH"]
[PlyCount "129"]
[EventDate "2022.05.09"]
[EventType "swiss"]
[EventCountry "IND"]
[SourceTitle "playchess.com"]
[Source "ChessBase"]
[SourceQuality "1"]
[TimeControl "5400+30"]

1. d4 Nf6 2. Nf3 c5 3. d5 d6 4. Nc3 b5 5. Nxb5 Qa5+ 6. Nc3 Ba6 7. Bd2 Nbd7 8. e4 Bxf1 9. Kxf1 g6 10. g3 Bg7 11. Kg2 O-O 12. Re1 Rab8 13. Nb1 Qa6 14. Bc3 c4 15. Nbd2 Nb6 16. b3 Rfc8 17. Qe2 Qb7 18. Rec1 cxb3 19. cxb3 Rc7 20. Bb2 Rxc1 21. Rxc1 a5 22. Rc6 Nfxd5 23. exd5 Bxb2 24. Rxb6 Qxb6 25. Nc4 Qb5 26. Qxe7 a4 27. Nxb2 axb3 28. axb3 Qxb3 29. Qxd6 Qxb2 30. Qf4 Qb4 31. Qe5 Rd8 32. Ng5 Qd6 33. Qxd6 Rxd6 34. Ne4 Rd8 35. g4 Kg7 36. Nc3 Rc8 37. Ne4 Rd8 38. Nc3 f5 39. g5 Kf7 40. Kf3 Ke7 41. Ke3 Kd6 42. Kd4 Rb8 43. h3 Rb4+ 44. Ke3 Rh4 45. f4 Rxh3+ 46. Kd4 Rxc3 47. Kxc3 Kxd5 48. Kd3 Kc5 49. Kc3 Kd5 50. Kd3 Kd6 51. Kd2 Ke6 52. Ke2 Kf7 53. Kf3 Kg7 54. Kg3 h5 55. gxh6+ Kxh6 56. Kh3 Kg7 57. Kg3 Kf7 58. Kf3 Kf6 59. Kf2 Ke6 60. Ke2 Kf7 61. Kf2 Ke6 62. Ke2 Kf6 63. Kf3 Ke7 64. Ke3 Ke6 65. Ke2 1/2-1/2

[Event "34th MPL National U14G-ch 2022"]
[Site "Ahmedabad"]
[Date "2022.05.11"]
[Round "6.3"]
[White "Charvi Patidar"]
[Black "Mrittika Mallick"]
[Result "0-1"]
[ECO "D47"]
[WhiteElo "1501"]
[BlackElo "1982"]
[Annotator "TA"]
[PlyCount "176"]
[EventDate "2022.05.09"]
[EventType "swiss"]
[EventCountry "IND"]
[SourceTitle "playchess.com"]
[Source "ChessBase"]
[SourceQuality "1"]
[TimeControl "5400+30"]

1. d4 d5 2. c4 c6 3. Nc3 Nf6 4. Nf3 e6 5. e3 Nbd7 6. Bd3 dxc4 7. Bxc4 b5 8. Bd3 Bd6 9. O-O O-O 10. a3 Re8 {[%emt 0:06:07] D47: Semi-Slav: Meran System.} 11. Qc2 (11. Bd2 {feels hotter.} Bb7 12. Ng5 h6 13. Nge4) 11... Bb7 {[%emt 0:04:33] [#]} 12. b4 $146 ({Predecessor:} 12. h3 e5 13. Bd2 h6 14. Rad1 exd4 15. exd4 a6 16. b4 a5 17. bxa5 Bxa3 18. Ne5 b4 19. Nxd7 Qxd7 {½-½ (35) Zidu,J (2494)-Marciz,A (2455) FICGS email 2020}) 12... e5 (12... a5 13. bxa5 Rxa5) (12... a5 $11 13. bxa5 Rxa5) 13. e4 $2 (13. Ne4 Nxe4 14. Bxe4) (13. Ne4 $14 {keeps the upper hand.} Nxe4 14. Bxe4) 13... Qc7 (13... Rc8 14. Be3 exd4 15. Bxd4 c5 16. Bxf6 (16. bxc5 Bxc5 17. Bxf6 Nxf6) 16... Qxf6 17. Nxb5 c4 18. Nxd6 Qxd6) (13... a6 $17 14. Be3 exd4 15. Bxd4 c5 16. bxc5 Bxc5 17. Bxf6 Qxf6) 14. h3 a6 (14... exd4 15. Nxd4 a6) (14... exd4 $15 15. Nxd4 a6) 15. Be3 (15. dxe5 $11 Nxe5 16. Nxe5 Bxe5 17. Be3) 15... exd4 $15 16. Nxd4 c5 17. bxc5 Nxc5 {[%emt 0:02:13] [#]} (17... Bxc5 18. f3 Rac8) ({Black should play} 17... Bxc5 $15 18. f3 Ne5) 18. Ncxb5 $1 axb5 19. Nxb5 Qe7 (19... Bh2+ $11 {was preferrable.} 20. Kh1 Qb8 21. Qxc5 Nxe4) 20. Nxd6 $14 Nxd3 21. Nxe8 (21. Qxd3 $14 {stays ahead.} Red8 22. Rfd1) 21... Qxe4 $17 22. Nxf6+ gxf6 23. f3 Qxe3+ 24. Kh2 Rc8 25. Qb3 Ba6 (25... Qf4+ 26. Kh1 Ba6) ({Better is} 25... Qe5+ $17 26. f4 Qe4) 26. Qa4 (26. f4) 26... Bc4 27. Qd7 Be6 $36 {[%emt 0:00:58][%mdl 2048] White is under strong pressure.} 28. Qa4 (28. Qd6) (28. Qd6 $17) 28... Rc4 $19 29. Qa8+ Kg7 $1 {[%emt 0:00:13] Dancing on a razor blade.} 30. Qb8 Ne5 {[%emt 0:03:38] Active counter play!} (30... Rc5 $142 {White must now prevent ...Rg5.} 31. Kh1 Rg5) 31. Qb2 Nd3 {[%emt 0:03:33] Against Qf2} (31... Qf4+ 32. Kh1 Nd3) (31... Qf4+ 32. Kh1 Nd3) 32. Qb8 Nf4 (32... Rc5 33. Rg1 Re5) (32... Rc5 $142 {And now ...Rg5 would win.} 33. Kh1 Rg5) 33. Qb2 $2 (33. Rae1 Qxa3 34. Qb6) (33. Rae1 Qxa3 34. Rd1) 33... Ne2 34. Rfe1 Qf4+ 35. Kh1 Ng3+ 36. Kg1 Bf5 37. Ra2 Rc2 {[%emt 0:01:33] Inhibits Qd2.} 38. Qxc2 Bxc2 39. Rxc2 Qd4+ 40. Kh2 Qd6 41. Kg1 Qxa3 42. Kh2 {[%emt 0:02:32] [#]} Qd3 $1 43. Rf2 (43. Rb2 Nf1+) 43... Nf5 44. Rfe2 Qd6+ 45. Kg1 Qg3 46. Re4 {[%emt 0:00:41] Against Nd4} h5 {[%emt 0:00:07] Prevents Rg4+.} 47. Rf1 Nh4 48. Re2 Ng6 49. Ref2 Nf4 50. Kh1 Kg6 51. Rd2 Kf5 52. Rdf2 Ke5 53. Rd2 h4 54. Rdf2 Kd4 55. Ra2 Ke3 56. Rb2 Nd3 57. Ra2 f5 $2 (57... Qd6 58. Rfa1 f5) (57... Qc7 $19 {and Black stays clearly on top. Strongly threatening ...Qc4.} 58. Ra3 Qd6) 58. Rc2 $2 (58. f4 $17) 58... Qg6 59. Ra2 {[%emt 0:00:37] Inhibits Qa6.} Qe6 60. Rfa1 Kf4 61. Ra3 $2 {[%emt 0:00:31] [#]} (61. Kh2) (61. Kh2 $19) 61... Qe2 $2 (61... Kg3 62. Ra8 Nf2+ 63. Kg1 Nxh3+ 64. Kf1 Qc4+ 65. Ke1 Qc3+ 66. Ke2 Nf4+ 67. Kd1 Nxg2 68. R1a3 Qd4+ 69. Kc1 Ne3 70. Rg8+ Kf4 71. Rb3 Qd1+ 72. Kb2 Qc2+ 73. Ka3 Nc4+ 74. Kb4 Nd2 75. Ra3 Qb2+ 76. Ka4 h3 77. Rg1 Qd4+ 78. Kb5 Qxg1 79. Ra6 Qb1+ 80. Kc5 Qc2+ 81. Kb5 Qc4+ 82. Ka5 Qd5+ 83. Kb6 h2 84. Kc7 h1=Q 85. Ra4+ Nc4 86. Rb4 Qd6+ 87. Kb7 Qxf3+ 88. Ka7 Qxb4 89. Ka6 Qfb7#) (61... Kg3 $1 62. f4 (62. Ra8 Nf2+) 62... Qe3 63. R3a2 Nf2+ 64. Kg1 Nxh3+ 65. Kf1 Nxf4 66. Rd1 Qe4 67. Kg1 Ne2+ 68. Kf1 Qxg2+ 69. Ke1 Qf2+ 70. Kd2 Nf4+ 71. Kc3 Qxa2 72. Rg1+ Kf2 73. Rh1 Nd5+ 74. Kd4 Qb2+ 75. Kc5 Qb6+ 76. Kc4 Qb4+ 77. Kxd5 Qb7+ 78. Ke5 Qxh1 79. Kd6 h3 80. Kd7 Qd5+ 81. Ke8 h2 82. Kf8 h1=Q 83. Ke7 Qh4+ 84. Kf8 Qh8+ 85. Ke7 Qe6#) 62. R3a2 Qe5 63. Ra3 $2 {[%emt 0:00:30] [#]} (63. Rd1 Qe3 64. Rda1) (63. Kh2 $19) 63... Qe3 $2 (63... Kg3 64. R3a2 Nf2+ 65. Kg1 Qd4 66. Kf1 Nd1 67. f4 Nc3 68. Rb2 Ne4 69. Rba2 Nd2+ 70. Ke1 Nb3 71. Rd1 Qg1+ 72. Ke2 Qf2+ 73. Kd3 Qxa2 74. Kc3 Nc5 75. Re1 Qa5+ 76. Kc4 Qxe1 77. Kxc5 Kxf4 78. Kd6 Qe4 79. Kd7 Ke5 80. Kc7 Qxg2 81. Kb6 Qd5 82. Ka6 Qb3 83. Ka5 Kd6 84. Ka6 Kc6 85. Ka7 Qb7#) (63... Kg3 $1 64. Ra8 (64. R3a2 Nf2+) 64... Nf2+ 65. Kg1 Nxh3+ $1 66. Kf1 Qb5+ 67. Ke1 Nf4 68. R1a2 Nxg2+ 69. Kd2 h3 70. Rg8+ Kf4 71. Raa8 Qb2+ 72. Kd3 Ne3 73. Rac8 h2 74. Rh8 Qb1+ 75. Kd4 h1=R 76. Rxh1 Qxh1 77. Rc6 Qxf3 78. Rh6 Qd5+ 79. Kc3 Ke4 80. Rh4+ f4 81. Rh2 Qb5 82. Rh1 Qd3+ 83. Kb4 Nd5+ 84. Ka5 Qa3+ 85. Kb5 Qb4+ 86. Kc6 Qb6+ 87. Kd7 Qc7+ 88. Ke8 Qe7#) 64. Kh2 Qe5 $2 (64... Kg5 65. R3a2 Qc5) (64... Kg5 $19 65. R3a2 Qf4+ 66. Kg1 Qd4+ 67. Kh2 Qc5) 65. Kh1 $1 {[%emt 0:00:24] [#]} Nc5 $2 (65... Kg3 $1 66. R3a2 Nf2+ 67. Kg1 Qd4 68. f4 Nxh3+ 69. Kf1 Qg1+ 70. Ke2 Nxf4+ 71. Kd2 Qxg2+ 72. Kc3 Qc6+ 73. Kd4 Qd5+ 74. Kc3 Ne2+ $1 75. Kb4 Qd4+ 76. Ka5 f4 $1 77. Ka6 f3 78. Ra4 Qd6+ 79. Ka7 h3 80. Ra5 h2 81. Ka8 f2 82. Kb7 Qd7+ 83. Kb6 Qd4+ 84. Kc7 Qf4+ 85. Kd8 Ng1 86. Rh5 Qd4+ 87. Ke8 Qxa1 88. Rg5+ Kh4 89. Rf5 h1=Q 90. Rf4+ Kg3 91. Rf5 Qc6+ 92. Kxf7 Qd7+ 93. Kg6 Qag7+ 94. Kh5 Qxf5#) 66. Ra5 $2 (66. Kh2) 66... Kg3 {[%emt 0:00:26] Threatens to win with ...Qe3.} 67. R5a3 {[%emt 0:00:30] [#] Against Qe3} Qf4 (67... Nd3 $142 $1 68. R3a2 Nf2+ 69. Kg1 Qd4 70. f4 Nxh3+ 71. Kf1 Qg1+ 72. Ke2 Nxf4+ 73. Kd2 Qxg2+ 74. Kc3 Qc6+ 75. Kd2 Qd5+ 76. Kc3 Qc5+ 77. Kb3 Qb5+ 78. Kc3 Ne2+ 79. Kc2 h3 80. Ra3+ Kg2 81. Kd2 Qb2+ 82. Ke3 h2 83. Re1 f4+ 84. Ke4 Qb4+ 85. Kd5 Qxe1 86. Rd3 h1=Q 87. Kc6 Qa5 88. Kd7 Qh8 89. Rg3+ fxg3 90. Kd6 Qf6+ 91. Kd7 Qe6#) 68. Ra8 Nd3 69. R8a4 $2 (69. Rg8+ $19 Kf2 70. Ra2+ Kf1 71. Ra1+ Kf2 72. Ra2+ Ke3 73. Re8+ Ne5 74. Re7) 69... Qe3 70. R4a3 Qd2 71. R3a2 Nb2 (71... Nf2+ $142 72. Kg1 Qd4 73. Kf1 Nd1 74. Ke1 Nb2 75. Rxb2 Qxb2 76. Ra8 Qxg2 77. Rg8+ Kxh3 78. Rf8 Kg3 79. Rd8 h3 80. Rg8+ Kxf3 81. Rxg2 hxg2 82. Kd1 g1=Q+ 83. Kc2 Qc5+ 84. Kb3 Ke4 85. Ka2 Kd3 86. Kb1 Qb6+ 87. Ka1 Kc2 88. Ka2 Qb2#) 72. Rg1 f4 73. Ra8 Nd1 74. Rg8+ Kf2 {[%emt 0:00:04] ( -> ...Nc3)} 75. Re8 Ne3 (75... Nc3 $142 76. Kh2 Ne2 77. Rh1 Qb2 78. Rg8 Ng3 79. Rd1 Nf1+ 80. Kh1 Ne3 81. Rg1 Nf1 82. g3 Qc3 83. gxh4 Ng3+ 84. Kh2 Qxf3 85. h5 Nf1+ 86. Rxf1+ Kxf1 87. h4 Qxh5 88. Rg1+ Kf2 89. Rg2+ Ke3 90. Ra2 Qe5 91. Kg1 f3 92. h5 Qg5+ 93. Kf1 Qb5+ 94. Kg1 Qb1+ 95. Kh2 Qxa2+ 96. Kh3 Qg2+ 97. Kh4 f5 98. h6 Qg4#) 76. Rf8 Qd5 (76... Nf1 $142 77. Ra8 Qb2 78. Rg8 Qb1 79. g3 hxg3 80. h4 Kxf3 81. Rg7 Qd1 82. R7xg3+ fxg3 83. Rg2 Ne3+ 84. Rg1 Qe2 85. Rxg3+ Kxg3 86. Kg1 Qh2#) 77. Rh8 Qg5 (77... Nf1 $142 78. Rb8 Qa2 79. Rg8 Qb3 80. Rb8 Qxb8 81. g3 Qb1 82. Rg2+ Kxf3 83. Rg1 Nxg3+ 84. Kh2 Qc2+ 85. Rg2 Qxg2#) 78. Rb8 Qg7 79. Ra8 Qb2 (79... Kg3 $142 {aiming for ...Nc4.} 80. Rc8 Qb2 81. Rg8+ Kf2) 80. Rg8 $2 (80. Rga1 $19 Qg7 81. R1a2+ Kg3 82. Rd2) 80... Nf5 81. Rd8 Qf6 (81... Ng3+ 82. Kh2 Ne2 83. Rh1 Qg7 84. Rg1 Nxg1 85. Rd2+ Ne2 86. Rxe2+ Kxe2 87. Kg1 Qa1+ 88. Kh2 Qf1 89. g4 hxg3#) (81... Ng3+ $142 82. Kh2 Ne2 83. Rgd1 Qg7 84. Rg1 Nxg1 85. Rd2+ Ne2 86. Rxe2+ Kxe2 87. Kg1 Qa1+ 88. Kh2 Qf1 89. g4 hxg3#) 82. Rg8 (82. Rd2+ Kg3 83. Rd7) 82... Nd4 $2 (82... Ng3+ {mates} 83. Kh2 Nf1+ 84. Kh1 Qf5 85. Re8 Qb1 86. Re2+ Kxe2 87. g3 Kxf3 88. gxf4 Ng3+ 89. Kh2 Qc2+ 90. Rg2 Qxg2#) 83. Re8 $2 (83. Ra8 $19) 83... Ne2 {[%emt 0:00:19] Black mates.} 84. Rd1 Qg6 85. Rxe2+ Kxe2 86. Ra1 Kf2 87. Ra2+ Kg3 88. Ra1 Qc2 {[%emt 0:00:04] Weighted Error Value: White=0.51/Black=0.42} 0-1

[Event "34th MPL National U14G-ch 2022"]
[Site "Ahmedabad"]
[Date "2022.05.11"]
[Round "6.4"]
[White "Sachi Jain"]
[Black "Sneha Halder"]
[Result "0-1"]
[ECO "C00"]
[WhiteElo "1768"]
[BlackElo "1557"]
[Annotator "NA RC COMBH"]
[PlyCount "144"]
[EventDate "2022.05.09"]
[EventType "swiss"]
[EventCountry "IND"]
[SourceTitle "playchess.com"]
[Source "ChessBase"]
[SourceQuality "1"]
[TimeControl "5400+30"]

1. e4 e6 2. d3 d5 3. Nd2 Nf6 4. Ngf3 dxe4 5. dxe4 Bc5 6. h3 Nc6 7. g3 O-O 8. Bg2 e5 9. O-O h6 10. Qe2 Be6 11. Rd1 Bb6 12. c3 Qd6 13. Nf1 Qc5 14. Be3 Qc4 15. Qxc4 Bxc4 16. N3d2 Be6 17. f4 g6 18. Kh2 Rfd8 19. Nb3 Bc4 20. fxe5 Nxe5 21. Bd4 Re8 22. Ne3 Be2 23. Rd2 Ba6 24. Rf2 Nfd7 25. Nd5 c6 26. Nf6+ Nxf6 27. Rxf6 Nd7 28. Rf2 Bc7 29. Rd1 Bc4 30. Be3 Ne5 31. Bxh6 Nd3 32. Rfd2 Bxb3 33. axb3 Nc5 34. Rf2 Bb6 35. Rdf1 Re7 36. Bg5 Rd7 37. Re2 Nxb3 38. e5 Re8 39. Rfe1 Nc5 40. Bf6 Bc7 41. Re3 Rd2 42. b4 Nd3 43. R1e2 Rxe2 44. Rxe2 Nxe5 45. Bxe5 Bxe5 46. Re3 f6 47. c4 Rd8 48. Bf1 Rd1 49. Kg2 Rb1 50. b5 Kf7 51. g4 Bd4 52. Re4 c5 53. Re2 Ra1 54. Rc2 a5 55. bxa6 bxa6 56. Be2 a5 57. Rd2 a4 58. Bd1 Ke6 59. Kf3 a3 60. Bb3 Kd6 61. Ke2 Rh1 62. Ra2 Bb2 63. Bc2 g5 64. Be4 Rxh3 65. Bd3 Ke5 66. Bf5 Kd4 67. Bc2 Rh2+ 68. Kd1 Kc3 69. Ba4 Kxc4 70. Bc2 Rg2 71. Be4 Rxg4 72. Bc2 Rg2 0-1

[Event "34th MPL National U14G-ch 2022"]
[Site "Ahmedabad"]
[Date "2022.05.11"]
[Round "6.5"]
[White "Chaarvi Choudhury"]
[Black "Rajanya Datta"]
[Result "0-1"]
[ECO "C80"]
[WhiteElo "1456"]
[BlackElo "1589"]
[Annotator "NA RC COMBH"]
[PlyCount "104"]
[EventDate "2022.05.09"]
[EventType "swiss"]
[EventCountry "IND"]
[SourceTitle "playchess.com"]
[Source "ChessBase"]
[SourceQuality "1"]
[TimeControl "5400+30"]

1. e4 e5 2. Nf3 Nc6 3. Bb5 a6 4. Ba4 Nf6 5. O-O Nxe4 6. d4 b5 7. Bb3 d5 8. dxe5 Be6 9. Be3 Bc5 10. Bxc5 Nxc5 11. Re1 O-O 12. c3 Re8 13. h3 Nxb3 14. axb3 h6 15. b4 a5 16. Nd4 Nxd4 17. Qxd4 axb4 18. Rxa8 Qxa8 19. Qxb4 Qc6 20. Na3 Bd7 21. Nc2 Qg6 22. Qb3 Bxh3 23. Qxd5 Bxg2 24. Qxg2 Qxc2 25. f4 Qf5 26. Qe4 Qg4+ 27. Kf2 Rd8 28. Qe3 Qf5 29. Qf3 g6 30. Kg3 h5 31. Rd1 h4+ 32. Kxh4 Rxd1 33. Qxd1 Qxf4+ 34. Kh3 Qf5+ 35. Kg2 Qxe5 36. Qd2 Kg7 37. Kf3 c6 38. Kg4 Qd5 39. Qf2 Qf5+ 40. Qxf5 gxf5+ 41. Kg5 f4 42. Kxf4 Kf6 43. b3 Ke6 44. Ke4 c5 45. c4 f5+ 46. Kf4 b4 47. Kf3 Ke5 48. Ke3 f4+ 49. Kd3 Kf5 50. Kd2 Ke4 51. Ke2 Kd4 52. Kf3 Kc3 0-1